 Dungeon Crawl Stone Soup version 0.31-a0-1074-g0b22e4e0f1 (webtiles) character file.

Game seed: 1491149613278487825

133 Firecrotchwizard the Ruffian (level 4, 0/38 HPs)
             Began as a Draconian Shapeshifter on Dec 6, 2023.
             Slain by an ogre
             ... wielding a +0 giant spiked club
              (1 damage)
             ... on level 4 of the Dungeon.
             The game lasted 00:05:27 (2219 turns).

Firecrotchwizard the Ruffian (DrSh)                 Turns: 2219, Time: 00:05:28

Health: 0/38       AC:  5    Str: 18    XL:     4   Next: 93%
Magic:  4/4        EV: 12    Int: 10    God:
Gold:   88         SH:  0    Dex: 11    Spells: 3/3 levels left

rFire   . .          .
                       - Unarmed
rCold   . . .        (no shield)
rNeg    . . .        (body armour unavailable)
rPois   .            (helmet currently unavailable)
rElec   .            (cloak currently unavailable)
rCorr   .            (gloves currently unavailable)
SInv    .            (boots currently unavailable)
Will    .....        (no amulet)
Stlth   +            (no ring)
HPRegen 0.26/turn    (no ring)
MPRegen 0.09/turn

%: no passive effects
@: beast-form
A: beast (slay +1), AC +5, unfitting armour, cold-blooded
a: Begin Untransformation


You were on level 4 of the Dungeon.
You were a hulking beast.
You visited 1 branch of the dungeon, and saw 4 of its levels.

You collected 88 gold pieces.

Inventory:

Missiles
 m - 2 poisoned darts
Jewellery
 e - a ring of positive energy
Talismans
 b - a beast talisman
 c - a flux talisman
Potions
 a - a potion of lignification
 f - a potion of attraction {unknown}
 g - 4 potions of curing
 i - a potion of degeneration {unknown}
 k - a potion of haste {unknown}
 n - a potion of invisibility {unknown}


   Skills:
 + Level 3.1 Fighting
 - Level 1.7 Dodging
 * Level 4.9 Unarmed Combat
 - Level 3.0 Shapeshifting


You had 3 spell levels left.
You didn't know any spells.
Your spell library contained the following spells:

 Spells                   Type           Power      Damage    Failure   Level
 Magic Dart               Conj           0%         1d3       36%         1
 Searing Ray              Conj           0%         2d4       50%         2
 Static Discharge         Conj/Air       0%         3-3/arc   50%         2
 Stone Arrow              Conj/Erth      0%         3d7       75%         3
 Airstrike                Air            0%         2d(0-16)  98%         4
 Fulminant Prism          Conj/Hex       0%         3d5       98%         4
 Summon Lightning Spire   Summ/Air       0%         N/A       98%         4
 Lehudib's Crystal Spear  Conj/Erth      0%         10d2      100%        8
 Animate Armour           Summ/Erth      Unusable   N/A       N/A         4

Dungeon Overview and Level Annotations

Branches:
Dungeon (4/15)
 Temple: D:4-7

Altars:
Fedhas

Annotations:
D:2 Natasha
D:4 Edmund, Sigmund


Innate Abilities, Weirdness & Mutations

You are a hulking beast.
Your limbs bulge with bestial killing power. (Slay +1)
Your plain brown scales are hard. (AC +5)
You cannot fit into any form of body armour.
You are cold-blooded and may be slowed by cold attacks.


Message History

You hear the slow rusting of a distant drain.
There is a stone staircase leading up here.
An orc comes into view.
It is wielding a +0 whip. 2 orc priests come into view.
The orc priest shouts!
You hear a shout!
An orc comes into view. It is wielding a +0 dagger.
The orc priest calls down the wrath of Beogh upon you.
Beogh smites you!
Edmund the Younger comes into view.
He is wielding a +1 flail of protection.
The orc moves out of view.
The orc shouts!
You hear a shout!
Edmund shouts!
The orc priest miscasts a cantrip.
The orc priest mumbles some strange prayers to Beogh against you.
Beogh smites you!
The orc priest calls down the wrath of Beogh upon you.
Beogh smites you!
* * * LOW HITPOINT WARNING * * *
You hear a shout!
Edmund opens the door.
There is a stone staircase leading up here.
You climb upwards.
There is a stone staircase leading down here.
You start resting.
HP restored.
You open the door.
There is an open door here.
There is a stone staircase leading down here.
You climb downwards.
You hear the sound of rushing water.
There is an entrance to a sewer on this level.
Hurry and find it before the portal rusts away!
Level annotation: Edmund, Sigmund You hear the rusting of a very distant drain.
There is a stone staircase leading up here.
As you read the scroll of teleportation, it crumbles to dust.
You feel strangely unstable.
Okay, then.
There is an escape hatch in the ceiling here.
The air fills with toxic fumes!
As you read the scroll labelled FESILEINEL, it crumbles to dust.
It was a scroll of poison.
Your surroundings suddenly seem different.
A hobgoblin comes into view.
Found a murky clear potion and a club.
The hobgoblin shouts!
The hobgoblin hits you but does no damage.
You hit the hobgoblin. You tail-slap the hobgoblin.
The hobgoblin is severely wounded.
You punch the hobgoblin!
You kill the hobgoblin!
No target in view!
Found a stone staircase leading down.
Sigmund shouts!
Okay, then.
Throw: 6 darts (poison)
Press: ? - help, Shift-Dir - straight line, f - Sigmund
Aim: Sigmund, wielding a +0 scythe and wearing a +0 robe (52% to hit)
You throw a poisoned dart. The poisoned dart hits Sigmund.
Sigmund is poisoned.
Throw: 5 darts (poison)
Press: ? - help, Shift-Dir - straight line, f/p - Sigmund
Aim: Sigmund, wielding a +0 scythe and wearing a +0 robe (poisoned, 52% to hit)
You throw a poisoned dart. The poisoned dart hits Sigmund.
An ogre comes into view. It is wielding a +0 giant club.
Throw: 4 darts (poison)
Press: ? - help, Shift-Dir - straight line, f/p - Sigmund
Aim: Sigmund, wielding a +0 scythe and wearing a +0 robe (poisoned, 52% to hit)
You throw a poisoned dart. The poisoned dart hits Sigmund.
The ogre shouts!
Throw: 3 darts (poison)
Press: ? - help, Shift-Dir - straight line, f/p - Sigmund
Aim: Sigmund, wielding a +0 scythe and wearing a +0 robe (lightly wounded, poisoned, 52% to hit)
You throw a poisoned dart. The poisoned dart hits Sigmund.
Sigmund is lightly wounded.
Sigmund gestures wildly while chanting.
Sigmund flickers and vanishes!
Deactivating autopickup; reactivate with Ctrl-A.
Something hits you. Something hits you but does no damage.
The ogre shouts!
Something hits you! The ogre barely misses you. Something barely misses you.
The goblin shouts!
The ogre hits you with a +0 giant spiked club!
* * * LOW HITPOINT WARNING * * *
Something completely misses you. The ogre attacks as it pursues you!
The ogre closely misses you. The goblin hits you with a +0 dagger.
* * * LOW HITPOINT WARNING * * *
You are confused.
The goblin attacks as it pursues you! The goblin misses you.
Something barely misses you. Something hits you.
* * * LOW HITPOINT WARNING * * *
The ogre hits you with a +0 giant spiked club!
* * * LOW HITPOINT WARNING * * *
The ogre closely misses you.
You feel less confused.
The ogre hits you with a +0 giant spiked club.
You die...

..............(..#
.............(...##
.............(.....
#..................
#.................
#.................
#.....O{.........
#.....gO.........
#.....h<.:.......
#.................
#.................
...##..............
### ###.########...
##. ##.


You could see 2 ogres and a goblin.

Vanquished Creatures
  An orc priest (D:3)
  An orc wizard (D:3)
  3 adders
  A dart slug (D:1)
  2 orcs (D:2)
  5 bats (D:1)
  7 endoplasms
  A giant cockroach (D:2)
  6 goblins
  2 hobgoblins
  4 jackals (D:2)
  A quokka (D:2)
  A ball python (D:3)
  2 frilled lizards
  6 kobolds
  5 rats
48 creatures vanquished.

Notes
Turn   | Place    | Note
-------+----------+-------------------------------------------
     0 | D:1      | Firecrotchwizard the Draconian Shapeshifter began the quest
                  | for the Orb.
     0 | D:1      | Reached XP level 1. HP: 16/16 MP: 1/1
   232 | D:1      | Reached XP level 2. HP: 23/23 MP: 2/2
   534 | D:2      | Reached XP level 3. HP: 26/29 MP: 3/3
   566 | D:2      | Noticed Natasha
   636 | D:2      | Reached skill level 4 in Unarmed Combat
  1170 | D:3      | Reached XP level 4. HP: 35/37 MP: 4/4
  1679 | D:3      | Found a blossoming altar of Fedhas.
  1951 | D:4      | Noticed Sigmund
  1953 | D:4      | Noticed an ogre
  2002 | D:4      | Noticed Edmund
  2199 | D:4      | Noticed an ogre
  2218 | D:4      | HP: 1/38 [ogre/+0 giant spiked club (14)]
  2219 | D:4      | Slain by an ogre

Illustrated notes

Levels and vault maps discovered:
D:1:      denvon_arrival_waterhouse, layout_rooms, serial_glass,
          glass_columns_b, glass_columns_c, glass_columns_c, glass_columns_b,
          glass_columns_a, glass_columns_a, glass_columns_b, glass_columns_a,
          glass_columns_b, glass_columns_a, glass_columns_a, glass_columns_a,
          glass_columns_b, glass_columns_a
D:2:      layout_loops_ring, uniq_natasha
D:3:      layout_basic, old_standard_altar, minivault_11
D:4:      layout_layer_cave, serial_forest, infiniplex_forest_zigzag_2,
          infiniplex_forest_lined_room_2, infiniplex_forest_zigzag_2,
          infiniplex_forest_lined_room_, infiniplex_forest_lined_1,
          portal_sewer_entry_b, serial_shops, nicolae_shop_tiny_glass,
          nicolae_shop_hallway_plus, nicolae_shop_tiny_real_fake_doors,
          uniq_sigmund, uniq_edmund

Skill      XL: |  1  2  3  4 |
---------------+-------------+-----
Fighting       | 2 3 |  3.1
Unarmed Combat | 4 |  4.9
Dodging        | |  1.7
Shapeshifting  | |  3.0

Action                     |  1- 3 |  4- 6 || total
---------------------------+-------+-------++-------
  Melee: Unarmed           |    84 |    26 ||   110
         Tailslap          |     9 |     2 ||    11
         Punch             |     1 |     1 ||     2
  Throw: Dart              |       |     4 ||     4
    Use: Scroll            |       |     5 ||     5
   Stab: Sleeping          |     1 |     1 ||     2
 Armour: Skin              |    43 |    29 ||    72
  Dodge: Dodged            |    49 |    15 ||    64

Table legend: (Time is in decaauts)
 A = Elapsed time spent in this place.
 B = Non-inter-level travel time spent in this place.
 C = Inter-level travel time spent in this place.
 D = Time resting spent in this place.
 E = Time spent auto-exploring this place.
 F = Levels seen in this place.
 G = Mean time per level.
                   A        B        C        D        E       F      G
               +--------+--------+--------+--------+--------+-----+--------+
         Total |   2215 |   2043 |    172 |    267 |   1375 |   4 |  553.8 |
       Dungeon |   2215 |   2043 |    172 |    267 |   1375 |   4 |  553.8 |
               +--------+--------+--------+--------+--------+-----+--------+

Top non-repeatable levels by time:
     D:3: 1030 daAuts
     D:2: 611 daAuts
     D:1: 524 daAuts
     D:4: 47 daAuts
